 Dungeon Crawl Stone Soup version 0.27-a0-1060-gcb85b5eba1 (webtiles) character file.

Game seed: 486672692383968977

5311 oldmanjim the Grappler (level 10, -15/96 HPs)
             Began as a Troll Warper on Apr 21, 2021.
             Was an Initiate of Gozag.
             Killed from afar by Fannar (30 damage)
             ... with a bolt of cold
             ... on level 10 of the Dungeon on Apr 22, 2021.
             The game lasted 00:49:19 (7734 turns).

oldmanjim the Grappler (Troll Warper)               Turns: 7734, Time: 00:49:20

Health: -15/96     AC: 12    Str: 21    XL:     10   Next: 37%
Magic:  10/10      EV:  8    Int: 10    God:    Gozag
Gold:   1621       SH: 16    Dex: 11    Spells: 9/11 levels left

rFire    . . .     SeeInvis .     - Unarmed
rCold    . . .     Faith    .   s - +0 tower shield
rNeg     . . .     Spirit   .   a - +0 robe
rPois    .         Reflect  .   (helmet restricted)
rElec    .         Harm     .   (no cloak)
rCorr    .         Rampage  .   (gloves unavailable)
Will     .....                  (boots unavailable)
Stlth    +.........             L - amulet of the acrobat
HPRegen  1.26/turn              y - +4 ring of protection
MPRegen  0.12/turn              C - +4 ring of protection

@: mighty, gold aura
A: large, unfitting armour, claws 3, regeneration 1, shaggy fur 1, tough skin 1
a: Renounce Religion, Potion Petition, Call Merchant, Bribe Branch


You were on level 10 of the Dungeon.
You worshipped Gozag.
Gozag was most pleased with you.
You visited 1 branch of the dungeon, and saw 10 of its levels.

You collected 1725 gold pieces.
You spent 104 gold pieces at shops.

Inventory:

Missiles
 d - 5 boomerangs of dispersal
 o - 7 boomerangs
 r - 8 atropa-tipped darts
 t - 3 silver javelins
 x - 2 javelins
 A - 10 poisoned darts (quivered)
 H - 3 large rocks
Armour
 a - a +0 robe (worn)
 s - a +0 tower shield (worn)
Jewellery
 m - a +6 ring of intelligence
 v - a ring of wizardry
 y - a +4 ring of protection (left claw)
 C - a +4 ring of protection (right claw)
 G - a ring of flight
 L - an amulet of the acrobat (around neck)
 P - a ring of willpower
Wands
 F - a wand of flame (17)
Scrolls
 b - 2 scrolls of immolation {unknown}
 c - 2 scrolls of blinking
 e - 4 scrolls of identify
 f - 2 scrolls of magic mapping {unknown}
 h - a scroll of enchant armour {unknown}
 k - 2 scrolls of amnesia {unknown}
 l - 7 scrolls of teleportation
 n - 3 scrolls of enchant weapon {unknown}
 p - a scroll of torment {unknown}
 q - 2 scrolls of vulnerability {unknown}
 z - a scroll of acquirement {unknown}
 D - 2 scrolls of brand weapon {unknown}
 E - 3 scrolls of fog
 O - a scroll of fear {unknown}
Potions
 g - 3 potions of might
 i - 2 potions of brilliance
 j - 3 potions of heal wounds
 u - 2 potions of lignification
 w - 3 potions of curing
 B - a potion of mutation
 I - a potion of cancellation
 J - a potion of invisibility
 K - 2 potions of resistance
 M - a potion of flight {unknown}
 N - a potion of haste {unknown}


   Skills:
 - Level 5.0 Fighting
 - Level 3.0 Throwing
 - Level 5.0 Dodging
 + Level 7.4 Shields
 + Level 9.1 Unarmed Combat
 - Level 1.2 Spellcasting
 - Level 3.0 Translocations


You had 9 spell levels left.
You knew the following spells:

 Your Spells              Type           Power      Damage    Failure   Level
a - Blink                 Tloc           N/A        N/A       58%         2

Your spell library contained the following spells:

 Spells                   Type           Power      Damage    Failure   Level
 Gell's Gravitas          Tloc           3%         N/A       83%         3
 Lesser Beckoning         Tloc           3%         N/A       83%         3
 Teleport Other           Tloc           6%         N/A       83%         3
 Magic Dart               Conj           0%         1d3       86%         1
 Sandblast                Erth           0%         2d4       86%         1
 Passwall                 Tmut/Erth      0%         N/A       95%         2
 Searing Ray              Conj           0%         3d3       95%         2
 Dazzling Flash           Conj/Hex       0%         N/A       99%         3
 Stone Arrow              Conj/Erth      0%         3d7       99%         3
 Fulminant Prism          Conj/Hex       0%         3d6       100%        4
 Iskenderun's Mystic Bla  Conj/Tloc      3%         2d3       100%        4
 Petrify                  Tmut/Erth      0%         N/A       100%        4
 Lee's Rapid Deconstruct  Erth           0%         3d5*      100%        5
 Manifold Assault         Tloc           6%         N/A       100%        5


Dungeon Overview and Level Annotations

Branches:
Dungeon (10/15)            Temple (0/1) D:5
   Lair: D:8-11         Orc: D:9-12

Altars:
Dithmenos
Elyvilon
Gozag
Hepliaklqana
Makhleb
Nemelex Xobeh
Okawaru
Sif Muna
Trog
Uskayaw
Zin

Shops:
D:2 ?   D:3 ?   D:5 (   D:6 (   D:9 *

Annotations:
D:7 2 transporters, siradein's ghost, novice TrFi
D:10 Fannar


Innate Abilities, Weirdness & Mutations

You are too large for most types of armour.
You have claws for hands.
Your natural rate of healing is unusually fast.
You are covered in fur. (AC +1)
You have tough skin. (AC +1)


Message History

You feel very sick. Fannar completely misses you.
You mangle Fannar!!
Fannar is moderately wounded.
You feel very sick.
Fannar casts a spell.
Fannar drains the heat from the surrounding environment!
You barely miss Fannar.
Fannar is moderately wounded.
You feel very sick. You block Fannar's attack.
You closely miss Fannar.
Fannar is moderately wounded.
You feel sick. You block Fannar's attack.
Fannar becomes distracted by the nearby gold, dreaming of imaginary riches.
You closely miss Fannar.
Fannar is no longer distracted by gold.
Fannar shouts!
Fannar is moderately wounded.
You feel sick.
Fannar glares icily.
Fannar gestures wildly while chanting.
Fannar drains the heat from the surrounding environment!
You mangle Fannar!!
Fannar is heavily wounded.
You feel sick. Fannar hits you with a staff of cold. Fannar freezes you.
* * * LOW HITPOINT WARNING * * *
You scratch Fannar.
Fannar is heavily wounded.
You feel sick. Fannar hits you but does no damage. Fannar freezes you!
* * * LOW HITPOINT WARNING * * *
Blink to where?
Press: ? - help, Dir - move target
As you read the scroll of blinking, it crumbles to dust.
You feel sick.
You feel sick.
You are no longer poisoned.
Fannar casts a spell at you. The bolt of cold hits you!!
You die...
Your body crumbles into a pile of gold.

).....
......###########
...(.............
.....!...........
.................
.................
.................
$.......#'###########
........#..@..$......
..K.....#............
........#...e........
......!.#..(.........
........#............
........#............
........##..##...####
#..# ...# #.. ....


You could see Fannar.

Vanquished Creatures
  Sonja (D:10)
  2 wyverns
  Menkaure (D:5)
  2 steam dragons
  An acid dragon (D:8)
  Edmund (D:4)
  2 water moccasins
  4 sky beasts
  3 orc warriors
  5 ogres
  5 necrophages
  2 centaurs
  2 bullfrogs (D:7)
  A kobold brigand (D:5)
  2 scorpions
  A wyvern zombie (D:7)
  Blork the orc (D:4)
  A water moccasin zombie (D:5)
  4 killer bees (D:9)
  7 wights
  A howler monkey (D:8)
  2 bullfrog zombies
  2 hounds (D:5)
  3 centaur skeletons
  A gnoll shaman (D:7)
  3 jellies
  2 orc priests
  2 bullfrog skeletons
  A scorpion zombie (D:5)
  3 iguanas
  3 orc wizards (D:8)
  3 killer bee zombies
  A hound skeleton (D:2)
  A howler monkey zombie (D:7)
  13 gnolls
  5 adders
  2 shadow imps
  3 white imps
  An ufetubus (D:5)
  A worm (D:2)
  3 dart slugs
  28 orcs
  6 bats
  5 endoplasms
  A giant cockroach (D:3)
  4 goblins
  6 hobgoblins
  2 jackals (D:1)
  9 kobolds
  5 quokkas
  8 ball pythons
  3 frilled lizards
  8 rats
  A spectral hobgoblin (D:8)
190 creatures vanquished.

Vanquished Creatures (others)
  A plant (D:5)
1 creature vanquished.

Grand Total: 191 creatures vanquished

Notes
Turn   | Place    | Note
-------+----------+-------------------------------------------
     0 | D:1      | oldmanjim the Troll Warper began the quest for the Orb.
     0 | D:1      | Reached XP level 1. HP: 19/19 MP: 1/1
    42 | D:1      | Found a faded altar of an unknown god.
    93 | D:1      | Became a worshipper of Gozag Ym Sagoz the Greedy
    96 | D:1      | Reached XP level 2. HP: 28/28 MP: 2/2
   490 | D:2      | Reached XP level 3. HP: 31/35 MP: 3/3
   538 | D:2      | Reached skill level 3 in Unarmed Combat
   745 | D:2      | Reached XP level 4. HP: 39/42 MP: 4/4
  1115 | D:3      | Found Sisef's Magic Scroll Shop.
  1120 | D:3      | Reached skill level 1 in Throwing
  1133 | D:3      | Bought a scroll of identify for 28 gold pieces
  1133 | D:3      | Bought a scroll of teleportation for 42 gold pieces
  1222 | D:3      | Noticed an ogre
  1233 | D:3      | Killed an ogre
  1234 | D:3      | Reached XP level 5. HP: 49/49 MP: 5/5
  1244 | D:3      | Noticed an orc warrior
  1378 | D:2      | Killed an orc warrior
  1379 | D:2      | Reached skill level 4 in Unarmed Combat
  1892 | D:3      | Learned a level 2 spell: Blink
  1933 | D:3      | Reached XP level 6. HP: 49/57 MP: 6/6
  2072 | D:4      | Reached skill level 5 in Unarmed Combat
  2112 | D:4      | Identified the +1 pair of boots of Mumblety Peg {Str+3 SInv
                  | Stlth+}
  2234 | D:4      | Found an opulent altar of Gozag.
  2250 | D:4      | Noticed Edmund
  2296 | D:4      | Killed Edmund
  2297 | D:4      | Reached skill level 6 in Unarmed Combat
  2297 | D:4      | Reached XP level 7. HP: 35/65 MP: 7/7
  2373 | D:4      | Found a hide-covered altar of Uskayaw.
  2373 | D:4      | Found a sparkling altar of Nemelex Xobeh.
  2373 | D:4      | Found a white marble altar of Elyvilon.
  2414 | D:4      | Noticed Blork the orc
  2421 | D:4      | Killed Blork the orc
  2622 | D:4      | Found an iron altar of Okawaru.
  2890 | D:5      | Entered Level 5 of the Dungeon
  3097 | D:5      | Found Popp's Antique Weapon Emporium.
  3145 | D:5      | Found a staircase to the Ecumenical Temple.
  3250 | D:5      | Reached XP level 8. HP: 61/75 MP: 8/8
  3323 | D:5      | Reached skill level 5 in Dodging
  3386 | D:5      | Noticed Menkaure
  3395 | D:5      | Killed Menkaure
  3584 | D:5      | Reached skill level 1 in Shields
  3784 | D:5      | Found a shimmering blue altar of Sif Muna.
  4029 | D:5      | Found a burning altar of Makhleb.
  4276 | D:6      | Reached skill level 7 in Unarmed Combat
  4548 | D:6      | Reached XP level 9. HP: 77/85 MP: 9/9
  4604 | D:6      | Found Ypimiel's Antique Weapon Shoppe.
  5130 | D:7      | Reached skill level 5 in Fighting
  5182 | D:7      | Reached skill level 8 in Unarmed Combat
  5418 | D:7      | Reached skill level 5 in Shields
  5424 | D:7      | Found a transporter.
  5430 | D:7      | Noticed siradein's ghost (novice TrFi)
  5460 | D:7      | Found a transporter.
  5861 | D:8      | Found a shadowy altar of Dithmenos.
  6166 | D:8      | Found a bloodstained altar of Trog.
  6264 | D:8      | Found a glowing silver altar of Zin.
  6283 | D:8      | Reached XP level 10. HP: 23/92 MP: 10/10
  6560 | D:8      | Found a hazy altar of Hepliaklqana.
  6927 | D:9      | Found Wero's General Store.
  6939 | D:9      | Bought a scroll of fog for 34 gold pieces
  7531 | D:10     | Entered Level 10 of the Dungeon
  7541 | D:10     | Noticed Sonja
  7721 | D:10     | Noticed Fannar
  7724 | D:10     | Killed Sonja
  7725 | D:10     | Reached skill level 9 in Unarmed Combat
  7734 | D:10     | Killed from afar by Fannar

Illustrated notes

Levels and vault maps discovered:
D:1:      amcnicky_arrival_gap_in_the_tavern_cellar, layout_basic,
          ebering_ecumenical_altar_sacrificial, skrybe_limestone_x
D:2:      layout_basic
D:3:      layout_loops_cross, serial_shops, nicolae_shop_statue_plus
D:4:      layout_loops_cross, grunt_gozag_breadcrumbs,
          kennysheep_okawaru_gauntlet, gammafunk_temple_overflow_forgotten,
          amcnicky_mini_rare_corridor_liquid, moated_statue, uniq_blork_the_orc,
          uniq_edmund
D:5:      layout_loops_corners, marbit_many_paths, tgw_sif,
          minmay_temple_entry_grid, serial_shops,
          nicolae_shop_overgrown_old_shop, minmay_bent, uniq_menkaure
D:6:      layout_basic, serial_shops, nicolae_shop_statue_plus
D:7:      layout_loops_cross, serial_undead, serial_undead_a, serial_undead_c,
          serial_undead_e, serial_undead_d, gammafunk_ghost_mausoleum
D:8:      layout_basic, nicolae_dithmenos_shadow_blocks, amcnicky_altar_gilded,
          old_standard_altar, nicolae_hepliaklqana_monster_ancestors,
          chequers_decorated_corner
D:9:      layout_cave_pods, minmay_misc_feat_cross, minmay_shop_grid_forest
D:10:     layout_gridville, nicolae_yredelemnul_ghost_church, uniq_josephine,
          uniq_fannar, uniq_sonja, uniq_psyche

Skill      XL: |  1  2  3  4  5  6  7  8  9 10 |
---------------+-------------------------------+-----
Dodging        | 2 3 4 5 |  5.0
Fighting       | 2 3 4 5 |  5.0
Unarmed Combat | 3 4 6 7 8 9 |  9.1
Throwing       | 2 3 |  3.0
Translocations | 3 |  3.0
Shields        | 3 6 7 |  7.4
Spellcasting   | |  1.2

Action                   |  1- 3 |  4- 6 |  7- 9 | 10-12 || total
-------------------------+-------+-------+-------+-------++-------
Melee: Unarmed           |    86 |    94 |   359 |    85 ||   624
       Punch             |     1 |       |     6 |       ||     7
Throw: Boomerang         |       |     4 |    11 |       ||    15
       Javelin           |       |       |     2 |       ||     2
       Dart              |       |       |    13 |     7 ||    20
  Use: Scroll            |       |     2 |     8 |     1 ||    11
       Potion            |       |       |       |     1 ||     1
 Stab: Sleeping          |     1 |     2 |     1 |       ||     4
       Distracted        |       |       |     2 |       ||     2
Armor: Robe              |    44 |    20 |    89 |    25 ||   178
Dodge: Dodged            |    62 |    45 |   183 |    16 ||   306
Block: Tower shield      |       |       |    80 |    77 ||   157

Table legend: (Time is in decaauts)
 A = Elapsed time spent in this place.
 B = Non-inter-level travel time spent in this place.
 C = Inter-level travel time spent in this place.
 D = Time resting spent in this place.
 E = Time spent auto-exploring this place.
 F = Levels seen in this place.
 G = Mean time per level.
                   A        B        C        D        E       F      G
               +--------+--------+--------+--------+--------+-----+--------+
         Total |   7718 |   7533 |    185 |    390 |   5378 |  10 |  771.8 |
       Dungeon |   7718 |   7533 |    185 |    390 |   5378 |  10 |  771.8 |
               +--------+--------+--------+--------+--------+-----+--------+

Top non-repeatable levels by time:
     D:5: 1301 daAuts
     D:8: 1163 daAuts
     D:4: 905 daAuts
     D:7: 885 daAuts
     D:2: 757 daAuts
     D:3: 743 daAuts
     D:9: 731 daAuts
     D:6: 724 daAuts
     D:1: 472 daAuts
    D:10: 34 daAuts
